 Dungeon Crawl Stone Soup version 0.19-a0-742-g4563caa (webtiles) character file.

18130 Stormphoenix the Fencer (level 12, -18/90 HPs)
             Began as a Minotaur Fighter on June 23, 2016.
             Was an Elder of Hepliaklqana.
             Killed from afar by Azrael (32 damage)
             ... with damnation
             ... on level 12 of the Dungeon.
             The game lasted 00:37:59 (11189 turns).

Stormphoenix the Fencer (Minotaur Fighter)         Turns: 11189, Time: 00:38:00

Health: -18/90     AC: 18    Str: 31    XL:     12   Next: 25%
Magic:  11/11      EV:  8    Int:  5    God:    Hepliaklqana [****..]
Gold:   821        SH: 23    Dex: 20    Spells: 0 memorised, 11 levels left

rFire  + . .     SeeInvis .     E - +3 long sword (slice)
rCold  . . .     Gourm    .     J - +1 steam dragon armour
rNeg   . . .     Faith    .     K - +2 large shield {AC+3}
rPois  +         Spirit   .     (helmet restricted)
rElec  .         Dismiss  +     o - +0 cloak
rCorr  .         Reflect  .     (no gloves)
SustAt .         Harm     .     w - +1 pair of boots
MR     .....                    A - amulet "Nixib" {Dismiss Dex+8}
Stlth  ++........               L - ring of poison resistance
                                p - ring of wizardry

@: mighty, not resistant to hostile enchantments, unstealthy
A: retaliatory headbutt, horns 2, thin metallic scales 1, thin skeletal
structure 1, fire resistance 1, MP-powered wands
a: Recall Ancestor, Ancestor Identity, Transference, Idealise, Renounce Religion


You were on level 12 of the Dungeon.
You worshipped Hepliaklqana.
Hepliaklqana was greatly pleased with you.
You were very hungry.

You visited 1 branch of the dungeon, and saw 12 of its levels.
You also visited: Bailey.

You collected 851 gold pieces.
You spent 30 gold pieces at shops.

Inventory:

Hand Weapons
 d - a +2 great sword of holy wrath
 E - a +3 long sword of slicing (weapon)
Armour
 o - a +0 cloak (worn)
 w - a +1 pair of boots (worn)
 J - a +1 steam dragon armour (worn)
 K - a +2 large shield of protection (worn)
Jewellery
 p - a ring of wizardry (left hand)
 A - the amulet "Nixib" (around neck) {Dismiss Dex+8}
   (You found it on level 6 of the Dungeon)

   [amulet of dismissal]

   It may teleport away creatures that harm you.
   It affects your dexterity (+8).
 L - a ring of poison resistance (right hand)
Wands
 c - a wand of flame (36/48)
 G - a wand of flame (20/48)
 I - a wand of polymorph (7/24)
 P - a wand of lightning (6/15)
 R - a wand of acid (2/15)
 S - a wand of flame (39/48)
Scrolls
 a - a scroll of fear
 b - 3 scrolls of immolation
 e - 2 scrolls of identify
 i - 6 scrolls of remove curse
 j - 7 scrolls of teleportation
 k - 3 scrolls of fog
 q - 2 scrolls of magic mapping
 x - 8 scrolls of recharging
 z - 2 scrolls of blinking
 C - 2 scrolls of enchant armour
Potions
 h - a potion of brilliance
 l - 4 potions of curing
 r - a potion of flight
 u - 2 potions of ambrosia
 v - a potion of cure mutation
 M - a potion of might
Books
 B - a book of Air

   Spells                             Type                      Level
   a - Shock                          Conjuration/Air              1
   b - Swiftness                      Charms/Air                   2
   c - Repel Missiles                 Charms/Air                   2
   d - Static Discharge               Conjuration/Air              3
   e - Lightning Bolt                 Conjuration/Air              5
 F - a book of Transfigurations

   Spells                             Type                      Level
   a - Irradiate                      Conjuration/Transmutation    5
   b - Statue Form                    Transmutation/Earth          6
   c - Hydra Form                     Transmutation                6
   d - Dragon Form                    Transmutation                7
 H - a book of Frost

   Spells                             Type                      Level
   a - Freeze                         Ice                          1
   b - Throw Frost                    Conjuration/Ice              2
   c - Ozocubu's Armour               Charms/Ice                   3
   d - Throw Icicle                   Conjuration/Ice              4
   e - Summon Ice Beast               Ice/Summoning                4
 O - a Necronomicon

   Spells                             Type                      Level
   a - Haunt                          Necromancy/Summoning         7
   b - Borgnjor's Revivification      Necromancy                   8
   c - Death's Door                   Charms/Necromancy            8
   d - Necromutation                  Transmutation/Necromancy     8
 Q - a Grand Grimoire

   Spells                             Type                      Level
   a - Monstrous Menagerie            Summoning                    7
   b - Summon Greater Demon           Summoning                    7
   c - Malign Gateway                 Summoning/Translocation      7
   d - Summon Horrible Things         Summoning                    8
Comestibles
 f - 10 bread rations
 g - 5 beef jerkies
 m - 9 slices of pizza
 n - a royal jelly
 t - 8 meat rations
 D - 7 fruits


   Skills:
 - Level 3.6 Fighting
 - Level 15.8 Long Blades
 - Level 12.7 Armour
 + Level 12.7 Shields


You had 11 spell levels left.
You didn't know any spells.

Dungeon Overview and Level Annotations

Branches:
Dungeon (12/15)            Temple (0/1) D:7            Lair (0/6) D:10
    Orc: D:9-12

Altars:
Hepliaklqana
Kikubaaqudgha
Nemelex Xobeh
Pakellas
Trog
Uskayaw
Vehumet
Yredelemnul
The Shining One

Shops:
D:4 :   D:5 =}=   D:9 !   D:12 (

Annotations:
D:8 1 exclusion
D:12 Azrael


Innate Abilities, Weirdness & Mutations

You reflexively headbutt those who attack you in melee.
You have a pair of horns on your head.
You are partially covered in thin metallic scales. (AC +2)
You have a somewhat thin skeletal structure. (Dex +2, Stealth)
Your flesh is heat resistant. (rF+)
You expend magic power (3 MP) to strengthen your wands.


Message History

Azrael gestures at you.
The fireball explodes!
The fireball engulfs the vampire mosquito.
The vampire mosquito is destroyed!
The fireball engulfs the fire elemental.
The fire elemental completely resists.
The fireball engulfs the kobold.
The kobold dies!
The fireball engulfs the hell hound.
The hell hound completely resists.
The fireball engulfs the big kobold.
You hear a bark!
Wield which item (- for none, * to show all)? (? for menu, Esc to quit)
Okay, then.
You feel better. The hell hound bites you!
* * * LOW HITPOINT WARNING * * *
The hell hound bites you but does no damage.
You slash the hell hound! You headbutt the hell hound!
You kill the hell hound!
Azrael gestures at you.
The sphere of damnation explodes!
The damnation engulfs you!
You die...

#.### ......####
.......$..# ..........#
§....#.#..# §§§>§R...#
#§..§..h##########
#....§.Kh@.......# #.#
#....)Ea#####.##.# #§#
#...((K§# #.##.#
.....§§§§#.)...#
###.##.# .....###
##.#..###.(....# #..#.#
#.#......#.#### #..#.#
#...####.#..# #..#.#
##.######.##.#
#..#.#####.........##.#


You could see Azrael, a soldier ant, a fire elemental, 2 hell hounds, a big
kobold and a kobold.

Vanquished Creatures
  Harold (D:10)
  Urug (D:11)
  An unseen horror (D:8)
  Pikel (D:5)
  7 hill giants
  An orc knight (Bailey)
  An ugly thing (D:8)
  A cyclops (D:11)
  A gargoyle (D:8)
  A komodo dragon (D:8)
  2 trolls
  Grinder (D:3)
  The ghost of Aviak the Sneak, an amateur OpEn (D:4)
  A meliai zombie (D:12)
  A shadow (D:11)
  5 yaks (D:10)
  A fire elemental (D:12)
  A hog (D:7)
  2 hippogriffs
  A human (D:7)
  Edmund (D:5)
  Menkaure (D:7)
  A mottled dragon (D:11)
  5 vampire mosquitoes (D:12)
  A hell hound (D:12)
  2 ice beasts
  2 necrophages
  A sky beast (D:9)
  5 orc warriors
  A phantom (D:4)
  A slave (D:5)
  A black bear (D:11)
  4 ogres
  8 centaurs
  2 big kobolds
  4 giant frogs
  A wyvern zombie (D:8)
  2 scorpions (D:8)
  4 killer bees (D:9)
  8 wights
  3 howler monkeys (D:11)
  An electric eel (D:7)
  2 jellies
  3 crimson imps
  9 hounds
  A quasit (D:12)
  4 centaur skeletons
  A centaur zombie (D:8)
  10 orc priests
  4 giant frog skeletons
  An iguana (D:9)
  9 orc wizards
  5 worker ants
  3 sheep (D:7)
  A hound zombie (D:7)
  Robin (D:2)
  A worker ant zombie (D:5)
  18 adders
  A river rat (D:5)
  A shadow imp (D:10)
  An adder zombie (D:7)
  3 adder skeletons
  5 worms
  4 dart slugs
  5 giant geckos
  50 orcs
  8 bats
  8 giant cockroaches
  2 gnoll zombies (D:2)
  13 goblins
  12 hobgoblins
  16 jackals
  5 quokkas
  4 ball pythons
  A ball python skeleton (D:4)
  A giant gecko skeleton (D:4)
  8 giant newts
  15 kobolds
  9 rats
336 creatures vanquished.

Vanquished Creatures (collateral kills)
  An unseen horror (D:11)
  An orc knight (Bailey)
  A troll (D:9)
  A two-headed ogre (D:6)
  A yak (D:10)
  An orc warrior (D:12)
  A centaur (D:11)
  2 killer bees (D:9)
  A giant frog zombie (D:6)
  A quasit (D:10)
  A hound (D:11)
  A giant gecko (D:9)
  6 orcs
  A giant cockroach (D:7)
  A giant newt (D:4)
21 creatures vanquished.

Vanquished Creatures (others)
  A vampire mosquito (D:12)
  A hell hound (D:12)
  An iguana (D:5)
  An ancestor (D:7)
  4 hexers
  2 orcs (D:5)
  A kobold (D:12)
11 creatures vanquished.

Grand Total: 368 creatures vanquished

Notes
Turn   | Place    | Note
--------------------------------------------------------------
     0 | D:1      | Stormphoenix the Minotaur Fighter began the quest for the Orb.
     0 | D:1      | Reached XP level 1. HP: 19/19 MP: 0/0
    55 | D:1      | Reached skill level 3 in Long Blades
    69 | D:1      | Reached XP level 2. HP: 25/26 MP: 1/1
   366 | D:1      | Reached skill level 4 in Long Blades
   676 | D:2      | Reached XP level 3. HP: 28/31 MP: 2/2
   724 | D:2      | Noticed Robin
   731 | D:2      | Killed Robin
   731 | D:2      | Reached skill level 5 in Long Blades
   794 | D:2      | Reached XP level 4. HP: 16/39 MP: 3/3
  1338 | D:2      | Reached skill level 6 in Long Blades
  1384 | D:2      | Found a basalt altar of Yredelemnul.
  1504 | D:3      | Reached XP level 5. HP: 42/45 MP: 4/4
  1512 | D:3      | Noticed Grinder
  1539 | D:3      | Paralysed by Grinder for 2 turns
  1543 | D:3      | Killed Grinder
  1543 | D:3      | Reached skill level 8 in Long Blades
  1543 | D:3      | Reached XP level 6. HP: 38/51 MP: 5/5
  2201 | D:4      | Reached skill level 9 in Long Blades
  2286 | D:4      | Noticed Aviak's ghost (amateur OpEn)
  2293 | D:4      | Killed Aviak's ghost
  2293 | D:4      | Reached XP level 7. HP: 57/57 MP: 6/6
  2301 | D:4      | Reached skill level 10 in Long Blades
  2303 | D:4      | Found a hide-covered altar of Uskayaw.
  2332 | D:4      | Found Qeotes's Book Boutique.
  2521 | D:4      | Found a hazy altar of Hepliaklqana.
  2529 | D:4      | Became a worshipper of Hepliaklqana
  2943 | D:5      | Entered Level 5 of the Dungeon
  2944 | D:5      | Noticed Edmund
  2957 | D:5      | Killed Edmund
  2957 | D:5      | Reached skill level 11 in Long Blades
  2982 | D:5      | Reached XP level 8. HP: 64/64 MP: 7/7
  3232 | D:5      | Found Jiwnazuy's Jewellery Shoppe.
  3233 | D:5      | Found Ylufomaehi's Gadget Boutique.
  3234 | D:5      | Found Fylel's Jewellery Shoppe.
  3329 | D:5      | Found a bloodstained altar of Trog.
  3381 | D:5      | Noticed Pikel
  3396 | D:5      | Killed Pikel
  3396 | D:5      | Reached skill level 13 in Long Blades
  3955 | D:6      | Reached * piety under Hepliaklqana
  4026 | D:6      | Noticed a two-headed ogre
  4034 | D:6      | Killed a two-headed ogre
  4076 | D:6      | Reached XP level 9. HP: 63/70 MP: 8/8
  4185 | D:6      | Got a transparent jade amulet
  4188 | D:6      | Identified the amulet "Nixib" {Dismiss Dex+8} (You found it on level 6 of the Dungeon)
  4345 | D:6      | Reached skill level 14 in Long Blades
  4383 | D:6      | Found a radiant altar of Vehumet.
  4384 | D:6      | Found an ancient bone altar of Kikubaaqudgha.
  4625 | D:7      | Found a sparkling altar of Nemelex Xobeh.
  4640 | D:7      | Noticed Menkaure
  4652 | D:7      | Killed Menkaure
  4949 | D:7      | Got a fine robe
  4960 | D:7      | Identified the +2 robe "Nyin" {MR++} (You found it on level 7 of the Dungeon)
  5046 | D:7      | Reached ** piety under Hepliaklqana
  5047 | D:7      | Remembered your ancestor Dunstan as a hexer
  5058 | D:7      | Found a staircase to the Ecumenical Temple.
  5431 | D:7      | Reached skill level 5 in Armour
  5569 | D:7      | Found an oddly glowing altar of Pakellas.
  5792 | D:7      | Gained mutation: You have a somewhat thin skeletal structure. (Dex +2, Stealth) [potion of mutation]
  5792 | D:7      | Gained mutation: You expend magic power (3 MP) to strengthen your wands. [potion of mutation]
  5792 | D:7      | Gained mutation: Your muscles are strong. (Str +2) [potion of mutation]
  5942 | D:8      | Killed an unseen horror
  5942 | D:8      | Reached XP level 10. HP: 23/77 MP: 9/9
  6192 | D:8      | Noticed a purple ugly thing
  6193 | D:8      | Noticed a hill giant
  6209 | D:8      | Killed a hill giant
  6209 | D:8      | Reached skill level 10 in Armour
  6218 | D:8      | Killed a purple ugly thing
  6266 | D:8      | Noticed a gargoyle
  6267 | D:8      | Killed a gargoyle
  6276 | D:8      | Noticed a hill giant
  6283 | D:8      | Killed a hill giant
  6875 | D:8      | Found a glowing golden altar of the Shining One.
  7013 | D:8      | Identified a scroll of acquirement
  7200 | D:9      | Found a flagged portal.
  7234 | Bailey   | Entered a bailey
  7392 | Bailey   | Noticed an orc knight
  7427 | Bailey   | Reached skill level 15 in Long Blades
  7470 | Bailey   | Killed an orc knight
  7470 | Bailey   | Reached XP level 11. HP: 38/82 MP: 10/10
  7681 | Bailey   | Noticed an orc knight
  7690 | Bailey   | Killed an orc knight
  8571 | D:9      | Found Wenumiro's Distillery.
  8574 | D:9      | Bought a potion of mutation for 30 gold pieces
  8574 | D:9      | Lost mutation: Your muscles are strong. (Str +2) [potion of mutation]
  8574 | D:9      | Gained mutation: Your flesh is heat resistant. (rF+) [potion of mutation]
  8574 | D:9      | Gained mutation: You are partially covered in thin metallic scales. (AC +2) [potion of mutation]
  8799 | D:10     | Entered Level 10 of the Dungeon
  8859 | D:10     | Noticed Harold
  8871 | D:10     | Killed Harold
  8871 | D:10     | Reached skill level 5 in Shields
  8876 | D:10     | Noticed a five-headed hydra
  9211 | D:9      | You fall through a shaft!
  9211 | D:10     | Reached *** piety under Hepliaklqana
  9229 | D:10     | Noticed a hill giant
  9259 | D:10     | Killed a hill giant
  9474 | D:10     | Noticed a hill giant
  9483 | D:10     | Killed a hill giant
  9661 | D:10     | Found a staircase to the Lair.
  9902 | D:11     | Noticed a hill giant
  9911 | D:11     | Killed a hill giant
  9940 | D:11     | Noticed a hill giant
  9946 | D:11     | Killed a hill giant
 10232 | D:11     | Reached skill level 10 in Shields
 10452 | D:11     | Killed an unseen horror
 10452 | D:11     | Reached XP level 12. HP: 59/90 MP: 11/11
 10596 | D:11     | Noticed Urug
 10608 | D:11     | Killed Urug
 10992 | D:12     | Reached **** piety under Hepliaklqana
 11029 | D:12     | Found Kubress's Weapon Emporium.
 11150 | D:12     | Noticed Azrael
 11189 | D:12     | Killed from afar by Azrael

Vault maps used:
D:1:      minmay_arrival_four_circles, hex_intersection,
          minmay_misc_feat_secret_circle, minmay_heptomino_h4
D:2:      lemuel_zombie_altar_yredelemnul, uniq_robin
D:3:      hangedman_decor_growths, uniq_grinder
D:4:      lemuel_coloured_pillars_altar, old_standard_altar, serial_shops,
          nicolae_shop_waterfront
D:5:      minmay_shop_grove, bloody_trog, gup_sewer_entry_spiral, first_bread,
          uniq_edmund, uniq_pikel
D:6:      gammafunk_temple_overflow_statue
D:7:      nicolae_overflow_hidden_temple, nemelex_xobeh_ov_fountains_minmay,
          grunt_livestock, serial_bayou_pond_b, lemuel_old_faithful,
          uniq_menkaure
D:8:      hangedman_cross_veins, kennysheep_mini
D:9:      enter_bailey_3, serial_shops, kennysheep_mini_moat
D:10:     lair_0_dummy, hangedman_decor_clover_reticule, uniq_harold
D:11:     uniq_urug
D:12:     david_orc_2, serial_shops, shop, uniq_azrael
Bailey:   bailey_polearm_1, bailey

Skill      XL: |  1  2  3  4  5  6  7  8  9 10 11 12 |
---------------+-------------------------------------+-----
Long Blades    | 3 4 5 6 8 9 11 13 14 15 | 15.8
Armour         | 9 12 | 12.7
Shields        | 11 12 | 12.7
Fighting       | |  3.6

Action                   |  1- 3 |  4- 6 |  7- 9 | 10-12 || total
-------------------------+-------+-------+-------+-------++-------
Melee: Long sword        |    90 |   157 |   264 |   333 ||   844
       Headbutt          |    14 |    23 |    68 |   135 ||   240
       Great sword       |       |       |       |   100 ||   100
Invok: Ancestor Life: He |       |       |     1 |       ||     1
       Recall Ancestor   |       |       |       |     1 ||     1
Evoke: Wand              |       |       |       |     3 ||     3
  Use: Potion            |     1 |     3 |     4 |     9 ||    17
       Scroll            |       |    13 |    10 |     7 ||    30
 Stab: Distracted        |       |       |     4 |     5 ||     9
       Confused          |       |       |     2 |     8 ||    10
       Sleeping          |       |       |       |     4 ||     4
  Eat: Chunk             |       |     6 |    11 |    16 ||    33
Armor: Scale mail        |    53 |    20 |       |       ||    73
       Plate armour      |       |    78 |     9 |       ||    87
       Chain mail        |       |       |   126 |    74 ||   200
       Steam dragon armo |       |       |       |   118 ||   118
Dodge: Dodged            |    31 |    37 |    39 |   166 ||   273
Block: Shield            |    59 |    84 |   117 |    26 ||   286
       Large shield      |       |       |       |   244 ||   244
